 Dungeon Crawl Stone Soup version 0.31-a0-166-g46f44d267d (webtiles) character file.

Game seed: 9865763041076112269

5 Gargoyl the Trooper (level 1, 0/14 HPs)
             Began as a Gargoyle Berserker on June 14, 2023.
             Was a Follower of Trog.
             Slain by a kobold
             ... wielding a +0 dagger
              (3 damage)
             ... on level 1 of the Dungeon.
             The game lasted 00:00:03 (27 turns).

Gargoyl the Trooper (Gargoyle Berserker)              Turns: 27, Time: 00:00:03

Health: 0/14       AC:  4    Str: 20    XL:     1   Next: 80%
Magic:  1/1        EV: 11    Int:  7    God:    Trog [*.....]
Gold:   0          SH:  0    Dex:  9    Spells: 0/0 levels left

rFire   . . .        a - +0 hand axe
rCold   . . .        (no shield)
rNeg    + . .        b - +0 animal skin
rPois   ∞            (no helmet)
rElec   +            (no cloak)
rCorr   .            (no gloves)
SInv    .            (no boots)
Will    .....        (no amulet)
Stlth   +            (no ring)
HPRegen 0.22/turn    (no ring)
MPRegen 0.07/turn

%: no passive effects
@: no status effects
A: sickness immunity, AC +2, negative energy resistance 1, electricity
resistance, torment resistance 1, petrification resistance
a: Renounce Religion, Berserk


You were on level 1 of the Dungeon.
You worshipped Trog.
Trog was aware of your devotion.
You visited 1 branch of the dungeon, and saw 1 of its levels.

Inventory:

Hand Weapons
 a - a +0 hand axe (weapon)
Armour
 b - a +0 animal skin (worn)


   Skills:
 + Level 3.4 Fighting
 + Level 2.8 Axes
 + Level 2.2 Armour
 + Level 1.6 Dodging


You couldn't memorise any spells.
You didn't know any spells.
Your spell library was empty.

Dungeon Overview and Level Annotations

Branches:
Dungeon (1/15)

Altars:


Innate Abilities, Weirdness & Mutations

You are immune to sickness and miasma.
Your stone body is resilient. (AC +2)
You are immune to poison.
You resist negative energy. (rN+)
You are resistant to electric shocks. (rElec)
You are resistant to unholy torment.
You are immune to petrification.


Message History

Trog accepts your kill.
You barely miss the bat. The bat barely misses you. The jackal bites you.
The jackal closely misses you.
You hit the jackal but do no damage.
The jackal is almost dead.
You hit the jackal but do no damage. You closely miss the bat.
The bat hits you but does no damage. The jackal bites you.
The jackal bites you but does no damage.
The jackal barely misses you. The bat barely misses you. The jackal bites you.
You slash the jackal!
You kill the jackal!
Trog accepts your kill.
You completely miss the bat. You barely miss the jackal.
You closely miss the jackal. The bat completely misses you.
The bat hits you but does no damage. The jackal barely misses you.
The jackal bites you but does no damage.
You slash the hobgoblin!
You kill the hobgoblin!
Trog accepts your kill.
You closely miss the jackal. You barely miss the jackal. You hit the bat.
You kill the bat!
Trog accepts your kill. The jackal bites you.
The jackal bites you but does no damage.
The kobold throws a stone.
The stone closely misses you.
The jackal bites you but does no damage.
The jackal barely misses you.
The kobold throws a stone.
The stone hits you but does no damage. The jackal bites you.
The jackal bites you but does no damage.
The kobold hits you with a +0 dagger.
The jackal bites you but does no damage.
The jackal bites you.
* * * LOW HITPOINT WARNING * * *
You see here a jackal corpse.
You closely miss the kobold. You barely miss the jackal. You hit the jackal.
You kill the jackal!
Trog accepts your kill. The jackal barely misses you.
The kobold hits you with a +0 dagger.
You die...

#.........#
#.........#
#.........#
#.........#
..........#
..........#######
........h.#.....+
......K@.!'.....#
....#######.....#
. #..8..#
#.....#####
#.....#<'.#
#####'###'#
#...'..# #...#..#
#...####


You could see a jackal and a kobold.

Vanquished Creatures
  A hobgoblin (D:1)
  3 jackals (D:1)
  A bat (D:1)
  A frilled lizard (D:1)
6 creatures vanquished.

Notes
Turn   | Place    | Note
-------+----------+-------------------------------------------
     0 | D:1      | Gargoyl the Gargoyle Berserker began the quest for the Orb.
     0 | D:1      | Reached XP level 1. HP: 14/14 MP: 1/1
    27 | D:1      | Slain by a kobold

Illustrated notes

Levels and vault maps discovered:
D:1:      evilmike_arrival_fibonacci_small, layout_basic

Action                     || total
---------------------------++-------
  Melee: Hand axe          ||     7
 Armour: Animal skin       ||    14
  Dodge: Dodged            ||    15

Table legend: (Time is in decaauts)
 A = Elapsed time spent in this place.
 B = Non-inter-level travel time spent in this place.
 C = Inter-level travel time spent in this place.
 D = Time resting spent in this place.
 E = Time spent auto-exploring this place.
 F = Levels seen in this place.
 G = Mean time per level.
                   A        B        C        D        E       F      G
               +--------+--------+--------+--------+--------+-----+--------+
         Total |     28 |     28 |      0 |      0 |     16 |   1 |   28.0 |
       Dungeon |     28 |     28 |      0 |      0 |     16 |   1 |   28.0 |
               +--------+--------+--------+--------+--------+-----+--------+

Top non-repeatable levels by time:
     D:1: 28 daAuts
